 Dungeon Crawl Stone Soup version 0.26-b1-32-g5d43845318 (webtiles) character file.

Game seed: 9637787459230330177

177 MajorAdolf the Sneak (level 5, -3/55 HPs)
             Began as a Naga Wanderer on Jan 8, 2021.
             Slain by an orc priest
             ... wielding a +0 club
              (4 damage)
             ... on level 3 of the Dungeon.
             The game lasted 00:03:31 (3362 turns).

MajorAdolf the Sneak (Naga Wanderer)                Turns: 3362, Time: 00:03:31

Health: -3/55      AC: 12    Str: 16    XL:     5   Next: 57%
Magic:  5/5        EV:  9    Int: 12    God:
Gold:   151        SH:  0    Dex: 10    Spells: 4/4 levels left

rFire    . . .     SeeInvis +   f - +3 dagger (venom)
rCold    . . .     Faith    .   (no shield)
rNeg     . . .     Spirit   .   p - +3 leather armour
rPois    +         Reflect  .   n - +2 helmet
rElec    .         Harm     .   (no cloak)
rCorr    .         Rampage  .   a - +2 pair of gloves
Will     .....                  (no barding)
Stlth    +++.......             (no amulet)
HPRegen  0.18/turn              (no ring)
MPRegen  0.09/turn              (no ring)

@: very slow
A: large, see invisible, deformed body, poison resistance, slowness 2, spit
poison 1, AC +1
a: Spit Poison


You were on level 3 of the Dungeon.
You visited 1 branch of the dungeon, and saw 3 of its levels.

You collected 151 gold pieces.

Inventory:

Hand Weapons
 e - a +0 hand axe
 f - a +3 dagger of venom (weapon)
Armour
 a - a +2 pair of gloves (worn)
 n - a +2 helmet (worn)
 p - a +3 leather armour (worn)
Wands
 o - a wand of enslavement (7)
Scrolls
 h - 4 scrolls of identify
 k - 4 scrolls of magic mapping
 l - a scroll of teleportation
Potions
 b - 3 potions of lignification
 c - a potion of berserk rage {unknown}
 d - a potion of attraction {unknown}
 g - a potion of might {unknown}
 i - 3 potions of degeneration {unknown}
 j - a potion of mutation


   Skills:
 - Level 5.8 Fighting
 - Level 1.0 Short Blades
 + Level 1.5 Axes
 - Level 1.5 Dodging
 - Level 5.8 Stealth


You had 4 spell levels left.
You didn't know any spells.
Your spell library was empty.

Dungeon Overview and Level Annotations

Branches:
Dungeon (3/15)

Altars:
Okawaru
Qazlal
Ru


Innate Abilities, Weirdness & Mutations

You cannot wear boots.
Your serpentine skin is tough. (AC +1)
You have supernaturally acute eyesight. (SInv)
Armour fits poorly on your strangely shaped body.
Your system is resistant to poisons. (rPois)
You cover ground very slowly.
You can spit poison.


Message History

You hit the orc priest.
The orc priest looks as sick as possible!
The orc priest is almost dead.
The orc priest invokes the aid of Beogh against you.
Beogh smites you!
The orc priest calls down the wrath of Beogh upon you.
Beogh smites you!
* * * LOW HITPOINT WARNING * * *
Okay, then.
You closely miss the orc priest.
The orc priest is almost dead.
You kill the orc priest!
Your Axes skill increases to level 1!
Okay, then.
You closely miss the orc priest.
The orc priest invokes the aid of Beogh against you.
Beogh smites you!
* * * LOW HITPOINT WARNING * * *
You completely miss the orc priest. The orc priest hits you with a +0 club.
You die...

##### #............##.##.##.#.#**
###.######.o.......#.###.## #.#
#.#.......l## *#.. #########.#
#.####.####.##*.## ..........#
#.# ##.## ##.#.#** ###########
####.###...####..#### .........#
#....................
########.####.##o###...##########
########...##.##@# #####
.((......#.##(##†#
########.........# ###########


You could see an orc priest and an orc.

Vanquished Creatures
  An orc priest (D:3)
  Ijyb (D:3)
  Robin (D:2)
  3 adders (D:3)
  2 worms (D:2)
  A dart slug (D:3)
  4 leopard geckos
  An orc (D:3)
  2 giant cockroaches
  14 goblins
  5 hobgoblins
  3 jackals (D:1)
  A quokka (D:2)
  13 bats
  2 frilled lizards
  7 kobolds
  15 rats
76 creatures vanquished.

Notes
Turn   | Place    | Note
-------+----------+-------------------------------------------
     0 | D:1      | MajorAdolf the Naga Wanderer began the quest for the Orb.
     0 | D:1      | MajorAdolf set off with the following items: a +2 short
                  | sword, 2 potions of lignification, a +0 robe, a +0 dagger
     0 | D:1      | Reached XP level 1. HP: 21/21 MP: 1/1
   140 | D:1      | Reached XP level 2. HP: 11/28 MP: 2/2
   836 | D:1      | Reached XP level 3. HP: 36/36 MP: 3/3
  1251 | D:2      | Noticed Robin
  1517 | D:2      | Killed Robin
  1747 | D:2      | Reached XP level 4. HP: 35/45 MP: 4/4
  2215 | D:2      | Found a sacrificial altar of Ru.
  2336 | D:2      | Found a stormy altar of Qazlal.
  2443 | D:2      | Reached skill level 5 in Fighting
  2460 | D:2      | Found an iron altar of Okawaru.
  2758 | D:3      | Noticed Ijyb
  2773 | D:3      | Killed Ijyb
  2774 | D:3      | Reached XP level 5. HP: 46/54 MP: 5/5
  3361 | D:3      | Reached skill level 1 in Axes
  3361 | D:3      | HP: 1/55 [orc priest/divine providence (14)]
  3362 | D:3      | Slain by an orc priest

Illustrated notes

Levels and vault maps discovered:
D:1:      dpeg_arrival_rooms_b, layout_basic
D:2:      layout_loops_corners, overflow_temple_1_default, old_standard_altar,
          nicolae_qazlal_eye_of_the_storm, uniq_robin
D:3:      layout_loops_ring, uniq_ijyb

Skill      XL: |  1  2  3  4  5 |
---------------+----------------+-----
Fighting       | 4 5 |  5.8
Axes           | 1 |  1.5
Short Blades   | |  1.0
Dodging        | |  1.5
Stealth        | |  5.8

Action                   |  1- 3 |  4- 6 || total
-------------------------+-------+-------++-------
Melee: Short sword       |    10 |       ||    10
       Dagger            |   104 |    91 ||   195
 Abil: Spit Poison       |     1 |       ||     1
  Use: Scroll            |       |     5 ||     5
 Stab: Sleeping          |     7 |     8 ||    15
Armor: Robe              |    24 |    46 ||    70
       Leather armour    |       |     8 ||     8
Dodge: Dodged            |    53 |    43 ||    96
